 Dungeon Crawl Stone Soup version 0.26.1-11-gd32895ea62 (webtiles) character file.

Game seed: 12821968888541607423

56 H0rd4k the Insei (level 3, 0/23 HPs)
             Began as an Octopode Transmuter on May 4, 2021.
             Slain by an orc
             ... wielding a +0 trident
              (3 damage)
             ... on level 3 of the Dungeon.
             The game lasted 00:01:31 (1756 turns).

H0rd4k the Insei (Octopode Transmuter)              Turns: 1756, Time: 00:01:31

Health: 0/23       AC:  1    Str:  9    XL:     3   Next: 97%
Magic:  6/6        EV: 13    Int: 16    God:
Gold:   122        SH:  0    Dex: 12    Spells: 6/7 levels left

rFire    . . .     SeeInvis .     - Unarmed
rCold    . . .     Faith    .   (no shield)
rNeg     . . .     Spirit   .   (helmet restricted)
rPois    .         Reflect  .   (no amulet)
rElec    .         Harm     .   (no ring)
rCorr    .         Rampage  .   (no ring)
Will     .....                  (no ring)
Stlth    +++.......             (no ring)
HPRegen  0.07/turn              (no ring)
MPRegen  0.10/turn              (no ring)
                                (no ring)
                                (no ring)

@: no status effects
A: almost no armour, stealthy swim, amphibious, 8 rings, constrict 8, camouflage
1, gelatinous body 1
a: no special abilities


You were on level 3 of the Dungeon.
You visited 1 branch of the dungeon, and saw 3 of its levels.

You collected 122 gold pieces.

Inventory:

Wands
 d - a wand of digging (4)
 i - a wand of flame (22)
Scrolls
 b - 4 scrolls of identify {unknown}
 c - a scroll of amnesia {unknown}
 e - a scroll of fog {unknown}
 j - a scroll of noise {unknown}
Potions
 a - a potion of attraction {unknown}
 f - a potion of lignification {unknown}
 h - a potion of might {unknown}


   Skills:
 + Level 1.0 Fighting
 + Level 2.4 Dodging
 + Level 1.1 Stealth
 + Level 3.7 Unarmed Combat
 * Level 2.5 Spellcasting
 * Level 2.3 Transmutations


You had 6 spell levels left.
You knew the following spells:

 Your Spells              Type           Power        Failure   Level
a - Beastly Appendage     Tmut           18%          8%          1

Your spell library contained the following spells:

 Spells                   Type           Power        Failure   Level
 Wereblood                Tmut           9%           12%         2
 Spider Form              Tmut/Pois      2%           36%         3
 Ice Form                 Ice/Tmut       5%           77%         4
 Blade Hands              Tmut           4%           91%         5


Dungeon Overview and Level Annotations

Branches:
Dungeon (3/15)

Altars:
Nemelex Xobeh
Ru
Wu Jian


Innate Abilities, Weirdness & Mutations

You cannot wear most types of armour.
You are very stealthy in the water. (Stealth+)
You are amphibious.
You can wear up to eight rings at the same time.
You can use your tentacles to constrict eight enemies at once.
Your skin changes colour to match your surroundings (Stealth+).
Your rubbery body absorbs attacks. (AC +1, EV +1)


Message History

Your tentacle-slap misses the orc.
Your squeeze misses the orc. The orc hits you with a +0 whip.
The orc closely misses you.
You tentacle-slap the orc. Your grab misses the orc. You squeeze the orc.
The orc is heavily wounded.
The orc hits you but does no damage.
The orc hits you from afar with a +0 trident!
You barely miss the orc. Your grab misses the orc.
The orc is heavily wounded.
The orc misses you. The orc closely misses you.
You tentacle-slap the orc.
You kill the orc!
Unknown command.
The orc hits you from afar with a +0 trident.
The orc hits you from afar with a +0 trident.
* * * LOW HITPOINT WARNING * * *
The orc closely misses you.
You tentacle-slap the orc. You grab the orc. You tentacle-slap the orc.
The orc is heavily wounded.
You constrict the orc. The orc hits you with a +0 trident.
You die...

####### .......
.......
.......###########
......oKroo@..>..#
.......#########.#
....... #######'##
....... .........#
.or?... .........#
....r..
........(########
.......
.........'.......
.......
.........#######.
..........##...#


You could see 3 orcs, a kobold and a rat.

Vanquished Creatures
  2 adders (D:2)
  A leopard gecko (D:1)
  2 orcs (D:3)
  2 giant cockroaches
  2 goblins (D:2)
  4 hobgoblins
  8 kobolds
  A ball python (D:2)
  7 bats
  2 frilled lizards (D:2)
  6 rats
37 creatures vanquished.

Notes
Turn   | Place    | Note
-------+----------+-------------------------------------------
     0 | D:1      | H0rd4k the Octopode Transmuter began the quest for the Orb.
     0 | D:1      | Reached XP level 1. HP: 13/13 MP: 3/3
    67 | D:1      | Reached XP level 2. HP: 18/18 MP: 5/5
   979 | D:2      | Reached XP level 3. HP: 19/23 MP: 6/6
  1328 | D:2      | Found an ornate altar of the Wu Jian Council.
  1333 | D:2      | Found a sacrificial altar of Ru.
  1337 | D:2      | Found a sparkling altar of Nemelex Xobeh.
  1530 | D:2      | Reached skill level 1 in Stealth
  1756 | D:3      | Slain by an orc

Illustrated notes

Levels and vault maps discovered:
D:1:      shiori_arrival_elements, layout_basic
D:2:      layout_basic, minitemple, nrook_mini_vaults, hex_intersection,
          minmay_heptomino_l4
D:3:      layout_basic, makhleb_altar_promises_db

Skill      XL: |  1  2  3 |
---------------+----------+-----
Stealth        | 1 |  1.1
Fighting       | |  1.0
Dodging        | |  2.4
Unarmed Combat | |  3.7
Spellcasting   | |  2.5
Transmutations | |  2.3

Action                   || total
-------------------------++-------
Melee: Unarmed           ||    78
       Constrict         ||    22
       Tentacles         ||    10
       Punch             ||     2
  Use: Potion            ||     2
 Stab: Sleeping          ||     5
Armor: Skin              ||     7
Dodge: Dodged            ||    50
